 Dungeon Crawl Stone Soup version 0.30-a0-341-g682706514a (webtiles) character file.

Game seed: 3799705511306112355

346 lunkers the Cutter (level 7, -1/61 HPs)
             Began as a Meteoran Fighter on Nov 1, 2022.
             Was a Believer of Makhleb.
             Slain by an adder (2 damage)
             ... on level 4 of the Dungeon.
             The game lasted 00:03:18 (1221 turns).

lunkers the Cutter (Meteoran Fighter)               Turns: 1221, Time: 00:03:19

Health: -1/61      AC: -9    Str: 20    XL:     7   Next: 14%
Magic:  8/8        EV:  9    Int:  9    God:    Makhleb [**....]
Gold:   107        SH:  5    Dex: 14    Spells: 6/6 levels left

rFire   . . .      SeeInvis .    b - +2 dagger (drain)
rCold   . . .      Faith    .    c - +0 buckler
rNeg    . . .      Spirit   .    h - +0 scale mail
rPois   .          Reflect  .    (no helmet)
rElec   .          Harm     .    (no cloak)
rCorr   .          Rampage  .    (no gloves)
Will    .....                    (no boots)
Stlth   ..........               (no amulet)
HPRegen 0.30/turn                (no ring)
MPRegen 0.11/turn                (no ring)

@: corroded, glowing
A: sense surroundings 1, otherworldly, glowing, explore regen
a: Renounce Religion, Minor Destruction


You were on level 4 of the Dungeon.
You worshipped Makhleb.
Makhleb was pleased with you.
You visited 1 branch of the dungeon, and saw 4 of its levels.

You collected 107 gold pieces.

Inventory:

Hand Weapons
 a - a +2 flail of protection
 b - a +2 dagger of draining (weapon)
 d - a +0 rapier
Missiles
 j - 3 poisoned darts (quivered)
 p - 5 silver javelins
 r - 8 stones
Armour
 c - a +0 buckler (worn)
 h - a +0 scale mail (worn)
Scrolls
 f - a scroll of brand weapon {unknown}
 g - a scroll of noise {unknown}
 i - a scroll of magic mapping {unknown}
 m - a scroll of fear {unknown}
 s - a scroll of enchant weapon {unknown}
Potions
 e - a potion of attraction
 k - a potion of mutation {unknown}
 l - a potion of haste
 n - a potion of flight {unknown}
 o - 3 potions of heal wounds
 q - a potion of curing {unknown}


   Skills:
 - Level 5.5 Fighting
 - Level 6.0 Short Blades
 * Level 0.0 Maces & Flails
 - Level 3.6 Armour
 - Level 3.6 Shields
 + Level 0.0 Invocations


You had 6 spell levels left.
You didn't know any spells.
Your spell library contained the following spells:

 Spells                   Type           Power      Damage    Failure   Level
 Chain Lightning          Conj/Air       0%         N/A       100%        9
 Fire Storm               Conj/Fire      0%         5d1       100%        9
 Shatter                  Erth           0%         3d5*      100%        9


Dungeon Overview and Level Annotations

Branches:
Dungeon (4/15) Zot: 1200
 Temple: D:4-7

Altars:
Cheibriados
Elyvilon
Makhleb


Innate Abilities, Weirdness & Mutations

You passively map a small area around you.
You are easily found by Zot.
You glow in the dark.
You regain HP and MP as you explore.


Message History

The jelly hits you.
You are splashed with acid.
You hit the jelly. You drain the jelly.
Your hands burn!
* * * LOW HITPOINT WARNING * * *
The jelly is heavily wounded.
The jelly hits you.
* * * LOW HITPOINT WARNING * * *
The acid corrodes you!
You are splashed with acid.
* * * LOW HITPOINT WARNING * * *
You hit the jelly. The acid corrodes you!
Your hands burn!
* * * LOW HITPOINT WARNING * * *
The jelly is severely wounded.
The adder bites you.
* * * LOW HITPOINT WARNING * * *
Unknown command.
You hit the jelly but do no damage. You drain the jelly.
Your hands burn!
* * * LOW HITPOINT WARNING * * *
The jelly is almost dead.
The adder bites you.
* * * LOW HITPOINT WARNING * * *
The jelly hits you.
* * * LOW HITPOINT WARNING * * *
The acid corrodes you!
You are splashed with acid!
* * * LOW HITPOINT WARNING * * *
The quokka bites you.
* * * LOW HITPOINT WARNING * * *
The adder bites you.
* * * LOW HITPOINT WARNING * * *
Unknown command.
Unknown command.
Aiming: Minor Destruction (24% risk of failure)
Press: ? - help, Shift-Dir - straight line, f - jelly
Aim: a jelly (almost dead, heavily drained)
The glob of acid hits the jelly.
The jelly completely resists.
The acid splashes onto the adder!
The adder is splashed with acid.
The acid corrodes the adder!
The jelly is almost dead.
The quokka bites you.
* * * LOW HITPOINT WARNING * * *
The jelly closely misses you. The adder bites you.
You die...

* , #.. #....? * * , #..
.#..#.####.# * ....
.....$.....
#....#....#....##
#....#....#.....
#..............# **
##....J.....##.## ,..
......S@r............*
.............#...#.#....
♣♣♣....(.(...#.....#....
*,, ,
♣.....>......#.#...#.#.#
♣.♣.#......†.#....##.#.#
, .
♣..........#.#.......> *
* ,
♣.#..............#....
.......................
,
♣♣......#####.#..#.....


You could see a jelly (very drained), an adder (corroded) and a quokka.

Vanquished Creatures
  Sigmund (D:3)
  A hound (D:4)
  Natasha (D:2)
  An orc wizard (D:4)
  3 adders
  A worm (D:2)
  2 dart slugs
  4 orcs
  2 endoplasms (D:3)
  2 giant cockroaches (D:2)
  9 goblins
  3 hobgoblins
  4 jackals
  5 kobolds
  4 quokkas
  2 ball pythons
  3 bats
  2 frilled lizards
  4 rats
54 creatures vanquished.

Vanquished Creatures (others)
  An orc wizard (D:4)
1 creature vanquished.

Grand Total: 55 creatures vanquished

Notes
Turn   | Place    | Note
-------+----------+-------------------------------------------
     0 | D:1      | lunkers the Meteoran Fighter began the quest for the Orb.
     0 | D:1      | Reached XP level 1. HP: 19/19 MP: 2/2
   114 | D:1      | Reached XP level 2. HP: 26/26 MP: 3/3
   183 | D:1      | Reached skill level 3 in Short Blades
   352 | D:2      | Reached XP level 3. HP: 28/31 MP: 4/4
   390 | D:2      | Found a white marble altar of Elyvilon.
   530 | D:2      | Noticed Natasha
   536 | D:2      | Killed Natasha
   537 | D:2      | Reached skill level 4 in Short Blades
   537 | D:2      | Reached XP level 4. HP: 35/38 MP: 5/5
   725 | D:3      | Found a faded altar of an unknown god.
   740 | D:3      | Prayed at the altar of an unknown god.
   740 | D:3      | Became a worshipper of Makhleb the Destroyer
   740 | D:3      | Reached * piety under Makhleb
   843 | D:3      | Reached skill level 5 in Short Blades
   847 | D:3      | Reached XP level 5. HP: 45/45 MP: 6/6
   966 | D:3      | Noticed Sigmund
   983 | D:3      | Killed Sigmund
   984 | D:3      | Reached skill level 6 in Short Blades
   984 | D:3      | Reached XP level 6. HP: 42/53 MP: 7/7
   991 | D:3      | Found a snail-covered altar of Cheibriados.
  1081 | D:4      | Reached skill level 5 in Fighting
  1128 | D:4      | Reached ** piety under Makhleb
  1129 | D:4      | Reached XP level 7. HP: 61/61 MP: 8/8
  1220 | D:4      | HP: 2/61 [adder (3)]
  1221 | D:4      | Slain by an adder

Illustrated notes

Levels and vault maps discovered:
D:1:      shiori_shiawase, layout_basic
D:2:      layout_loops_corners, basic_altar, minmay_misc_feat_alley,
          kennysheep_generic_room_7, uniq_natasha
D:3:      layout_basic, marbit_many_paths, lemuel_coloured_pillars_altar,
          tgw_xom, ebering_ecumenical_altar_abandoned, serial_shops,
          nicolae_shop_bloodbath_and_beyond, uniq_sigmund
D:4:      cheibrodos_helix_gallery, layout_basic, mainiacjoe_overflow_boulevard,
          mainiacjoe_overflow_large_starburst, hangedman_minor_gate_pass,
          uniq_blork_the_orc

Skill      XL: |  1  2  3  4  5  6 |
---------------+-------------------+-----
Short Blades   | 3 4 5 6 |  6.0
Fighting       | 4 5 |  5.5
Armour         | |  3.6
Shields        | |  3.6

Action                   |  1- 3 |  4- 6 |  7- 9 || total
-------------------------+-------+-------+-------++-------
Melee: Rapier            |    34 |       |       ||    34
       Dagger            |    20 |    75 |    27 ||   122
Throw: Stone             |     1 |    15 |       ||    16
       Dart              |     2 |    14 |     5 ||    21
Invok: Minor Destruction |       |       |     1 ||     1
  Use: Scroll            |       |     3 |       ||     3
       Potion            |       |     1 |       ||     1
Armor: Scale mail        |    18 |    23 |     7 ||    48
Dodge: Dodged            |    14 |    25 |     4 ||    43
Block: Buckler           |     5 |    10 |     4 ||    19

Table legend: (Time is in decaauts)
 A = Elapsed time spent in this place.
 B = Non-inter-level travel time spent in this place.
 C = Inter-level travel time spent in this place.
 D = Time resting spent in this place.
 E = Time spent auto-exploring this place.
 F = Levels seen in this place.
 G = Mean time per level.
                   A        B        C        D        E       F      G
               +--------+--------+--------+--------+--------+-----+--------+
         Total |   1198 |   1115 |     83 |      0 |    692 |   4 |  299.5 |
       Dungeon |   1198 |   1115 |     83 |      0 |    692 |   4 |  299.5 |
               +--------+--------+--------+--------+--------+-----+--------+

Top non-repeatable levels by time:
     D:2: 375 daAuts
     D:1: 347 daAuts
     D:3: 285 daAuts
     D:4: 190 daAuts
